 Dungeon Crawl Stone Soup version 0.30-a0-121-gb27577e5d9 (webtiles) character file.

Game seed: 4146834881536208718

352 ragingrage the Sneak (level 6, -2/35 HPs)
             Began as a Kobold Brigand on Sept 14, 2022.
             Slain by a lemure (5 damage)
             ... led by Pikel
             ... on level 3 of the Dungeon.
             The game lasted 00:03:45 (4972 turns).

ragingrage the Sneak (Kobold Brigand)               Turns: 4972, Time: 00:03:45

Health: -2/35      AC:  3    Str:  8    XL:     6   Next: 93%
Magic:  6/6        EV: 14    Int: 13    God:
Gold:   187        SH:  0    Dex: 18    Spells: 5/5 levels left

rFire   . . .      SeeInvis .    a - +2 dagger
rCold   . . .      Faith    .    (no shield)
rNeg    . . .      Spirit   .    b - +0 robe
rPois   .          Reflect  .    (no helmet)
rElec   .          Harm     .    c - +0 cloak
rCorr   .          Rampage  .    (no gloves)
Will    .....                    (no boots)
Stlth   +++++.....               (no amulet)
HPRegen 0.11/turn                (no ring)
MPRegen 0.10/turn                (no ring)

@: no status effects
A: small, no large weapons, nightstalker 3
a: no special abilities


You were on level 3 of the Dungeon.
You visited 1 branch of the dungeon, and saw 4 of its levels.
You also visited: Sewer.

You collected 187 gold pieces.

Inventory:

Hand Weapons
 a - a +2 dagger (weapon)
Missiles
 d - 22 poisoned darts
 e - 3 curare-tipped darts (quivered)
Armour
 b - a +0 robe (worn)
 c - a +0 cloak (worn)
Wands
 f - a wand of flame (15)
Scrolls
 i - a scroll of amnesia {unknown}
 k - 2 scrolls of fear {unknown}
 l - 2 scrolls of identify {unknown}
 m - 2 scrolls of summoning {unknown}
 n - a scroll of vulnerability {unknown}
 o - 2 scrolls of enchant weapon {unknown}
Potions
 g - a potion of resistance {unknown}
 h - a potion of lignification {unknown}
 j - 2 potions of curing {unknown}
 p - 2 potions of might {unknown}


   Skills:
 - Level 2.1 Fighting
 + Level 5.6 Short Blades
 + Level 4.6 Throwing
 - Level 1.2 Dodging
 + Level 7.6 Stealth


You had 5 spell levels left.
You didn't know any spells.
Your spell library contained the following spells:

 Spells                   Type           Power      Damage    Failure   Level
 Stone Arrow              Conj/Erth      0%         3d7       67%         3
 Animate Armour           Summ/Erth      0%         N/A       97%         4
 Lehudib's Crystal Spear  Conj/Erth      0%         10d2      100%        8


Dungeon Overview and Level Annotations

Branches:
Dungeon (4/15)              Sewer (visited)
 Temple: D:4-7

Altars:
Ashenzari
Dithmenos
The Shining One

Shops:
D:1 !


Innate Abilities, Weirdness & Mutations

You are small and have problems with some larger weapons.
You are completely attuned to the shadows.


Message History

The lemure is moderately wounded.
The lemure hits you.
You hit the lemure but do no damage.
The lemure is moderately wounded.
The lemure barely misses you.
You hit the lemure but do no damage.
The lemure is moderately wounded.
You hit the lemure.
The lemure is moderately wounded.
The lemure hits you.
You hit the lemure.
The lemure is heavily wounded.
The lemure hits you but does no damage.
You hit the lemure but do no damage.
The lemure is heavily wounded.
The lemure hits you.
You barely miss the lemure.
The lemure is heavily wounded.
You hit the lemure.
The lemure is heavily wounded.
The lemure barely misses you.
You hit the lemure but do no damage.
The lemure is heavily wounded.
The lemure hits you!
* * * LOW HITPOINT WARNING * * *
You barely miss the lemure.
The lemure is heavily wounded.
The lemure barely misses you.
You hit the lemure but do no damage.
The lemure is heavily wounded.
Throw: 23 darts (poison)
Press: ? - help, Shift-Dir - straight line, f - lemure
Aim: a lemure (heavily wounded, 58% to hit)
You throw a poisoned dart. The poisoned dart hits the lemure.
The lemure is poisoned.
The lemure is heavily wounded.
The lemure hits you.
* * * LOW HITPOINT WARNING * * *
The lemure attacks as you move away! The lemure hits you.
You die...

#.######....#...#######.###...
#.#.........#.⌠.# #...#.......
#.#.####.####...###.<.#.######
####.#.# #.#............### #
.......# #.#.8........### ##
####...# #.#.......)..# ##.
.......####.####.......#### ##.#
#####........# #..........# #.##
.......####.####@.......8.####.#
#####..# #.##..5.........##...##
#####..####.##.>.###...#####.##.#
...........<##.(.# #.⌠.#.# #.###)
#####.#.###.########...#.# #.####
......#.###.# #.#...#># #.....
..........#.# #.......# ######
#######.#.#.######.####..# #
#.#.#........#####.########


You could see a lemure (poisoned).

Vanquished Creatures
  2 bullfrogs (Sewer)
  An iguana (D:2)
  Terence (D:3)
  9 adders
  2 worms
  8 bats
  10 endoplasms
  4 giant cockroaches
  4 goblins
  8 hobgoblins
  7 quokkas
  12 ball pythons
  14 frilled lizards
  5 kobolds
  4 rats
91 creatures vanquished.

Notes
Turn   | Place    | Note
-------+----------+-------------------------------------------
     0 | D:1      | ragingrage the Kobold Brigand began the quest for the Orb.
     0 | D:1      | Reached XP level 1. HP: 12/12 MP: 1/1
   156 | D:1      | Found Orryiq's Distillery.
   349 | D:1      | Reached XP level 2. HP: 17/17 MP: 2/2
  1310 | D:1      | Found a faded altar of an unknown god.
  1472 | D:1      | Prayed at the altar of an unknown god.
  1472 | D:1      | Became a worshipper of the Shining One
  1472 | D:1      | Reached * piety under the Shining One
  1473 | D:1      | Fell from the grace of the Shining One
  1540 | D:2      | Reached XP level 3. HP: 21/21 MP: 3/3
  1682 | D:2      | Reached skill level 6 in Stealth
  1813 | D:2      | Reached XP level 4. HP: 9/26 MP: 4/4
  2720 | D:3      | Found a shadowy altar of Dithmenos.
  2792 | D:3      | Found a glowing drain.
  2801 | Sewer    | Entered a sewer
  2835 | Sewer    | Reached XP level 5. HP: 13/30 MP: 5/5
  3893 | Sewer    | Reached XP level 6. HP: 30/35 MP: 6/6
  4039 | Sewer    | Reached skill level 7 in Stealth
  4079 | Sewer    | Reached skill level 5 in Short Blades
  4310 | D:3      | Noticed Terence
  4314 | D:3      | Killed Terence
  4453 | D:3      | Found a broken altar of Ashenzari.
  4972 | D:3      | Slain by a lemure

Illustrated notes

Levels and vault maps discovered:
D:1:      minmay_arrival_diagonal_passages, layout_basic, serial_forest,
          infiniplex_forest_straight_4, infiniplex_forest_end_double,
          infiniplex_forest_straight_5, infiniplex_forest_clump_long,
          infiniplex_forest_end_2, infiniplex_forest_clump_diagonal,
          serial_shops, nicolae_shop_stone, ebering_ecumenical_altar_webs,
          minmay_tetromino_i2
D:2:      minmay_chambers_of_twos, layout_rooms
D:3:      layout_loops_ring, nicolae_dithmenos_through_a_glass_darkly,
          mainiacjoe_overflow_boulevard, cheibrodos_sewer_entry_sluice,
          nicolae_elevator_lobby_asterisk, uniq_terence
D:4:      layout_loops_cross, chequers_serial_rivers_small_3,
          minmay_manual_mess, uniq_ijyb, uniq_eustachio, uniq_pikel

Skill      XL: |  1  2  3  4  5  6 |
---------------+-------------------+-----
Short Blades   | 3 4 5 |  5.6
Throwing       | 3 4 |  4.6
Stealth        | 6 7 |  7.6
Fighting       | |  2.1
Dodging        | |  1.2

Action                   |  1- 3 |  4- 6 || total
-------------------------+-------+-------++-------
Melee: Dagger            |    76 |   212 ||   288
       Punch             |     1 |     1 ||     2
Throw: Dart              |     2 |     6 ||     8
Invok: Renounce Religion |     1 |       ||     1
  Use: Potion            |       |     2 ||     2
 Stab: Sleeping          |    11 |    26 ||    37
Armor: Robe              |     7 |    40 ||    47
Dodge: Dodged            |    48 |   125 ||   173

Table legend: (Time is in decaauts)
 A = Elapsed time spent in this place.
 B = Non-inter-level travel time spent in this place.
 C = Inter-level travel time spent in this place.
 D = Time resting spent in this place.
 E = Time spent auto-exploring this place.
 F = Levels seen in this place.
 G = Mean time per level.
                   A        B        C        D        E       F      G
               +--------+--------+--------+--------+--------+-----+--------+
         Total |   4997 |   4807 |    190 |   1479 |   2671 |   5 |  999.4 |
       Dungeon |   3468 |   3278 |    190 |    475 |   2457 |   4 |  867.0 |
         Sewer |   1529 |   1529 |      0 |   1004 |    214 |   1 | 1529.0 |
               +--------+--------+--------+--------+--------+-----+--------+

Top non-repeatable levels by time:
   Sewer: 1529 daAuts
     D:1: 1486 daAuts
     D:2: 1005 daAuts
     D:3: 966 daAuts
     D:4: 9 daAuts
